 Dungeon Crawl Stone Soup version 0.29.1-12-g30fa7ad0bf (webtiles) character file.

Game seed: 11508568353254006091

419 xzight the Ruffian (level 6, -2/61 HPs)
             Began as a Troll Fighter on Dec 27, 2022.
             Engulfed by a cloud of flame (16 damage)
             ... on level 3 of the Dungeon.
             The game lasted 00:06:16 (2950 turns).

xzight the Ruffian (Troll Fighter)                  Turns: 2950, Time: 00:06:17

Health: -2/61      AC:  9    Str: 27    XL:     6   Next: 62%
Magic:  5/5        EV:  8    Int:  4    God:
Gold:   277        SH:  7    Dex:  9    Spells: 5/5 levels left

rFire   . . .      SeeInvis .     - Unarmed
rCold   . . .      Faith    .   b - +0 kite shield
rNeg    . . .      Spirit   .   a - +0 robe
rPois   .          Reflect  .   (helmet restricted)
rElec   .          Harm     .   e - +0 cloak
rCorr   +          Rampage  .   (gloves unavailable)
Will    .....                   (boots unavailable)
Stlth   +.........              (no amulet)
HPRegen 1.00/turn               T - +4 ring of protection
MPRegen 0.09/turn               R - ring of resist corrosion

@: no status effects
A: large, unfitting armour, claws 3, regeneration 1, shaggy fur 1, tough skin 1
a: no special abilities


You were on level 3 of the Dungeon.
You visited 1 branch of the dungeon, and saw 4 of its levels.

You collected 277 gold pieces.


Innate Abilities, Weirdness & Mutations

You are too large for most types of armour.
You have claws for hands.
Your natural rate of healing is unusually fast.
You are covered in fur. (AC +1)
You have tough skin. (AC +1)


   Skills:
 + Level 3.4 Fighting
 + Level 2.3 Throwing
 - Level 2.4 Dodging
 + Level 3.8 Shields
 + Level 4.9 Unarmed Combat


You had 5 spell levels left.
You didn't know any spells.
Your spell library contained the following spells:

 Spells                   Type           Power      Damage    Failure   Level
 Summon Lightning Spire   Summ/Air       0%         N/A       100%        4
 Storm Form               Tmut/Air       0%         N/A       100%        7
 Maxwell's Capacitive Co  Air            0%         ∞         100%        8

Inventory:

Missiles
 i - 5 boomerangs
 j - 5 large rocks (quivered) {=f}
Armour
 a - a +0 robe (worn)
 b - a +0 kite shield (worn)
 e - a +0 cloak (worn)
Jewellery
 F - a ring of protection from fire
 M - a ring of magical power
 R - a ring of resist corrosion (right claw)
 T - a +4 ring of protection (left claw)
Scrolls
 d - 5 scrolls of identify {unknown}
 k - 2 scrolls of teleportation {unknown}
 m - 5 scrolls of enchant armour {unknown}
 n - a scroll of noise {unknown}
 p - 2 scrolls of blinking {unknown}
 r - 2 scrolls of poison {unknown}
 u - a scroll of immolation {unknown}
 w - a scroll of vulnerability {unknown}
Potions
 c - 2 potions of might
 f - 2 potions of heal wounds {unknown}
 g - 2 potions of brilliance {unknown}
 h - a potion of haste {unknown}
 l - a potion of resistance {unknown}
 o - a potion of curing {unknown}
 q - a potion of berserk rage {unknown}
 s - a potion of flight {unknown}
 t - a potion of ambrosia {unknown}
 v - a potion of invisibility {unknown}

Dungeon Overview and Level Annotations

Branches:
Dungeon (4/15)
 Temple: D:4-7

Altars:
Hepliaklqana
Qazlal

Shops:
D:3 [

Annotations:
D:3 3 runed translucent doors, venomsnake's ghost, weakling DECj

#......>.░.░............##..#
##)..)....∩.................#
##......░.░...#####..##..#.#
##.....##...### #...##.##<#
##..##..###### ###.#.##.#..#
...##...# ###..........##
[.###.#.##▒ ▒...▒▒▒▒▒##.##
#.##......▒ ▒○§☼▒ #..#
.......###▒ ▒§@°▒ #.##
.#.....# ▒§§§▒ ▒#.# .....#.#
▒▒▒▒▒...▒▒▒▒▒..#
.##....###...○.[?..§§☼..##
.......##...§§.($[.§§§..#
##.#.......§§○..(..○§§.##
#.........▒▒▒▒▒...▒▒▒▒▒
....#....#▒ ▒§§.▒ .......#..▒
▒§☼☼▒


There were no monsters in sight!


Message History

Things that are here:
a +0 dagger; 7 stones
There is a stone staircase leading up here.
You see here a +0 dagger.
Key pressed, stopping explore.
Found 4 stones.
You see here 4 stones.
Done exploring.
Done exploring.
Done exploring.
Done exploring.
Done exploring.
Done exploring.
(D) Dungeon
Where to? (Enter - D:4, ? - help)
There is a stone staircase leading up here.
You climb upwards.
Level annotation: 3 runed translucent doors, venomsnake's ghost, weakling DECj
There is a stone staircase leading down here.
Really walk into a travel-excluded area? [Y]es or [N]o only, please.
Really walk into a travel-excluded area?
Okay, then.
Really walk into a travel-excluded area?
You are engulfed in blazing flames.
You are engulfed in blazing flames.
* * * LOW HITPOINT WARNING * * *
You now have 277 gold pieces (gained 13).
You are engulfed in blazing flames.
You die...

Skill      XL: |  1  2  3  4  5  6 |
---------------+-------------------+-----
Unarmed Combat | 3 4 |  4.9
Throwing       | 1 2 |  2.3
Shields        | 3 |  3.8
Fighting       | 3 |  3.4
Dodging        | |  2.4

Action                   |  1- 3 |  4- 6 || total
-------------------------+-------+-------++-------
Melee: Unarmed           |    87 |   190 ||   277
Throw: Large rock        |       |     2 ||     2
 Stab: Sleeping          |     1 |       ||     1
Armor: Robe              |    57 |    76 ||   133
Dodge: Dodged            |    26 |    63 ||    89
Block: Kite shield       |    40 |    79 ||   119

Levels and vault maps discovered:
D:1:      evilmike_arrival_hilbert_curve, layout_basic,
          hellmonk_ecumenical_altar_lost_god, supply_closet_lemuel
D:2:      layout_rooms
D:3:      minmay_chambers_of_threes, layout_rooms,
          nicolae_qazlal_style_of_elements, gammafunk_ghost_necromancy,
          serial_shops, nicolae_shop_crystal, lemuel_flame_loot_1
D:4:      layout_basic, general_overflow_altar

Notes
Turn   | Place    | Note
-------+----------+-------------------------------------------
     0 | D:1      | xzight the Troll Fighter began the quest for the Orb.
     0 | D:1      | Reached XP level 1. HP: 22/22 MP: 0/0
    92 | D:1      | Reached XP level 2. HP: 29/29 MP: 1/1
   111 | D:1      | Reached skill level 3 in Unarmed Combat
   149 | D:1      | Found a faded altar of an unknown god.
   657 | D:1      | Reached XP level 3. HP: 36/36 MP: 2/2
   837 | D:2      | Reached skill level 4 in Unarmed Combat
   982 | D:2      | Reached XP level 4. HP: 44/44 MP: 3/3
  1028 | D:2      | Noticed an ogre
  1030 | D:2      | Killed an ogre
  1031 | D:2      | Reached skill level 1 in Throwing
  1031 | D:2      | Reached skill level 3 in Shields
  1031 | D:2      | Reached XP level 5. HP: 52/52 MP: 4/4
  1218 | D:3      | Found Juhyum's Antique Armour Emporium.
  1479 | D:3      | Found a runed translucent gate.
  1479 | D:3      | Found a runed translucent gate.
  1480 | D:3      | Found a runed translucent gate.
  1482 | D:3      | Noticed venomsnake's ghost (weakling DECj)
  1534 | D:3      | Reached skill level 3 in Fighting
  1884 | D:3      | Noticed a water elemental
  1885 | D:3      | Found a stormy altar of Qazlal.
  1888 | D:3      | Noticed a fire elemental
  1888 | D:3      | Noticed an air elemental
  2246 | D:4      | Reached XP level 6. HP: 60/61 MP: 5/5
  2267 | D:4      | Identified the +4 sling of the Eternal Warrior {flame,
                  | Dex+4}
  2456 | D:4      | Reached skill level 2 in Throwing
  2618 | D:4      | Found a hazy altar of Hepliaklqana.
  2950 | D:3      | Engulfed by a cloud of flame

Vanquished Creatures
  An ogre (D:2)
  A scorpion (D:4)
  A hound (D:4)
  An iguana (D:4)
  4 gnolls (D:3)
  7 adders
  2 worms (D:3)
  7 dart slugs
  3 orcs (D:3)
  11 ball pythons
  9 bats
  5 endoplasms
  4 giant cockroaches
  8 goblins
  8 hobgoblins
  8 jackals
  3 quokkas
  5 frilled lizards
  3 kobolds
  6 rats
97 creatures vanquished.

Table legend: (Time is in decaauts)
 A = Elapsed time spent in this place.
 B = Non-inter-level travel time spent in this place.
 C = Inter-level travel time spent in this place.
 D = Time resting spent in this place.
 E = Time spent auto-exploring this place.
 F = Levels seen in this place.
 G = Mean time per level.
                   A        B        C        D        E       F      G
               +--------+--------+--------+--------+--------+-----+--------+
         Total |   2968 |   2830 |    138 |     41 |   1966 |   4 |  742.0 |
       Dungeon |   2968 |   2830 |    138 |     41 |   1966 |   4 |  742.0 |
               +--------+--------+--------+--------+--------+-----+--------+

Top non-repeatable levels by time:
     D:3: 1010 daAuts
     D:1: 812 daAuts
     D:4: 694 daAuts
     D:2: 451 daAuts

Table legend:
 A = Non-vault XP
 B = Vault XP
 C = Vault XP percentage of total XP
 D = Non-vault monster count
 E = Vault monster count
 F = Vault count percentage of total count
                 A         B        C        D         E       F
            +---------+---------+-------+---------+---------+-------
      Total |     574 |      25 |   4.2 |      85 |      12 |  12.4
            +---------+---------+-------+---------+---------+-------
        D:1 |      43 |       0 |   0.0 |      22 |       0 |   0.0
        D:2 |     182 |       0 |   0.0 |      17 |       0 |   0.0
        D:3 |     129 |      25 |  16.2 |      27 |      12 |  30.8
        D:4 |     220 |       0 |   0.0 |      19 |       0 |   0.0
            +---------+---------+-------+---------+---------+-------
